 Dungeon Crawl Stone Soup version 0.30-a0-1018-g25214051b3 (webtiles) character file.

Game seed: 9988021748571990964

2413 Pimp the Trooper (level 9, -2/74 HPs)
             Began as a Demonspawn Fighter on Apr 7, 2023.
             Was an Initiate of Vehumet.
             Slain by an orc warrior
             ... wielding a +0 dire flail
              (12 damage)
             ... on level 7 of the Dungeon.
             The game lasted 00:15:06 (5791 turns).

Pimp the Trooper (Demonspawn Fighter)               Turns: 5791, Time: 00:15:06

Health: -2/74      AC: 10    Str: 19    XL:     9   Next: 23%
Magic:  9/9        EV:  9    Int: 12    God:    Vehumet [......]
Gold:   413        SH:  7    Dex: 10    Spells: 2/8 levels left

rFire   . . .      SeeInvis .    a - +1 war axe
rCold   + + +      Faith    .    n - +2 buckler of Gozag's Reproof {rC+++ Regen+ rCorr Dex-2}
rNeg    + + .      Spirit   .    m - +0 scale mail {rN+}
rPois   .          Reflect  .    (no helmet)
rElec   .          Rampage  .    (no cloak)
rCorr   +                        z - +0 pair of gloves
Will    .....                    (no boots) Stlth
                                 (no amulet)
HPRegen 1.12/turn                e - ring of positive energy
MPRegen 0.11/turn                q - ring of protection from cold

@: no status effects
A: claws 2, rugged brown scales 2, demonic magic 1
a: Renounce Religion


You were on level 7 of the Dungeon.
You worshipped Vehumet.
Vehumet was noncommittal.
You visited 2 branches of the dungeon, and saw 8 of its levels.
You also visited: Sewer.

You collected 413 gold pieces.

Inventory:

Hand Weapons
 a - a +1 war axe (weapon)
Armour
 b - a +0 scale mail
 c - a +0 buckler
 m - a +0 scale mail of positive energy (worn)
 n - the +2 buckler of Gozag's Reproof (worn) {rC+++ Regen+ rCorr Dex-2}
   (You found it on level 3 of the Dungeon)

   Dex:       It affects your dexterity (-2).
   rC:        It renders you almost immune to cold.
   Regen:     It increases your rate of health regeneration.
   rCorr:     It protects you from acid and corrosion.
 z - a +0 pair of gloves (worn)
Jewellery
 e - a ring of positive energy (left hand)
 q - a ring of protection from cold (right hand)
 w - a ring of wizardry
 x - a ring of fire
 A - a +4 ring of protection
Wands
 s - a wand of mindburst (7)
 u - a wand of flame (12)
 v - a wand of iceblast (10)
Scrolls
 d - 4 scrolls of immolation
 g - 2 scrolls of butterflies {unknown}
 i - 2 scrolls of fog
 k - a scroll of brand weapon {unknown}
 o - 2 scrolls of teleportation
 t - a scroll of magic mapping {unknown}
 y - a scroll of vulnerability {unknown}
 B - a scroll of blinking {unknown}
 C - a scroll of fear
Potions
 f - a potion of invisibility {unknown}
 h - a potion of mutation {unknown}
 j - 2 potions of brilliance
 l - 3 potions of curing
 p - a potion of magic
 r - a potion of heal wounds {unknown}


   Skills:
 + Level 6.9 Fighting
 + Level 5.9 Axes
 + Level 6.3 Armour
 + Level 0.0 Dodging
 + Level 6.3 Shields
 + Level 0.0 Spellcasting
 + Level 0.0 Conjurations
 + Level 0.0 Fire Magic


You had 2 spell levels left.
You knew the following spells:

 Your Spells              Type           Power      Damage    Failure   Level
a - Starburst             Conj/Fire      0%         6d3       100%        6

Your spell library contained the following spells:

 Spells                   Type           Power      Damage    Failure   Level
 Beastly Appendage        Tmut           0%         N/A       75%         1
 Shock                    Conj/Air       0%         1d3       75%         1
 Wereblood                Tmut           0%         N/A       86%         2
 Dazzling Flash           Conj/Hex       0%         N/A       98%         3
 Portal Projectile        Hex/Tloc       0%         N/A       98%         3
 Spider Form              Tmut/Pois      0%         N/A       98%         3
 Stone Arrow              Conj/Erth      0%         3d7       98%         3
 Swiftness                Air            0%         N/A       98%         3
 Tukima's Dance           Hex            0%         N/A       98%         3
 Volatile Blastmotes      Fire/Tloc      0%         2d10      98%         3
 Airstrike                Air            0%         2d(0-16)  100%        4
 Animate Armour           Summ/Erth      0%         N/A       100%        4
 Iskenderun's Mystic Bla  Conj/Tloc      0%         2d3       100%        4
 Blade Hands              Tmut           0%         N/A       100%        5
 Lehudib's Crystal Spear  Conj/Erth      0%         10d2      100%        8


Dungeon Overview and Level Annotations

Branches:
Dungeon (7/15)             Temple (1/1) D:6           Sewer (visited)

Altars:
Ashenzari
Cheibriados
Dithmenos
Fedhas
Gozag
Hepliaklqana
Makhleb
Nemelex Xobeh
Qazlal
Ru
Trog
Uskayaw
Vehumet
Wu Jian
Xom
Yredelemnul

Shops:
D:1 =   D:4 *


Innate Abilities, Weirdness & Mutations

You have very sharp fingernails.
You are mostly covered in rugged brown scales. (AC +2, +5% HP)
Spells you cast may paralyse adjacent enemies.


Message History

The sky beast hits you but does no damage.
The orc warrior hits you with a +0 dire flail.
An orc comes into view. It is wielding a +0 flail.
The sky beast hits you but does no damage.
You closely miss the sky beast.
The sky beast is almost dead.
You hit the orc warrior.
The sky beast flickers out of sight!
Deactivating autopickup; reactivate with Ctrl-A.
Something hits you. Something shocks you.
The orc warrior hits you with a +0 dire flail!
An orc comes into view. It is wielding a +0 dagger.
The steam dragon bites you but does no damage.
You block the steam dragon's attack.
The orc warrior hits you but does no damage.
The steam dragon attacks as you move away!
The steam dragon barely misses you.
The steam dragon claws you but does no damage.
The orc shouts!
The orc warrior hits you with a +0 dire flail!
You barely miss the steam dragon.
You hit the orc warrior but do no damage.
The orc warrior hits you with a +0 dire flail!
The steam dragon bites you!
* * * LOW HITPOINT WARNING * * *
The steam dragon claws you but does no damage.
You barely miss the steam dragon. You barely miss the orc warrior.
You block the orc warrior's attack. The steam dragon bites you.
* * * LOW HITPOINT WARNING * * *
The steam dragon claws you but does no damage.
You hit the orc warrior but do no damage.
The orc warrior is heavily wounded.
The orc warrior barely misses you.
The orc warrior hits you with a +0 dire flail!
* * * LOW HITPOINT WARNING * * *
You hit the orc warrior but do no damage.
The orc warrior is heavily wounded.
The orc warrior closely misses you.
It was a potion of magic.
Magic courses through your body.
The orc warrior hits you with a +0 dire flail!
You die...

...#....# #..........#
.....#..######.[......†..
.D......##.............##
.....##.##.####.#.......#
._. #.........#........ .
##.o..............#
#D.............###
#######o#........[...#
.......@#............#
..#######.............#
#...............
#.....###....... #.....#
#....... #.....# #.......
.##..## ####.#.. .. #.#
.##.


You could see a steam dragon, an orc warrior and an orc.

Vanquished Creatures
  Prince Ribbit (D:6)
  Eustachio (D:6)
  A steam dragon (D:6)
  A water moccasin (D:7)
  Duvessa (D:6)
  Pargi (Sewer)
  A sky beast (D:6)
  4 ice beasts
  A centaur (Temple)
  2 bullfrogs
  A gnoll sergeant (D:5)
  A scorpion (D:5)
  Dowan (D:6)
  A jelly (D:7)
  7 hounds
  An orc priest (D:6)
  3 iguanas
  Terence (D:2)
  A sleepcap (D:4)
  Natasha (thrice) (D:4)
  3 orc wizards
  Robin (D:2)
  6 gnolls
  7 adders
  A shadow imp (D:5)
  An ufetubus (D:5)
  2 worms
  3 dart slugs
  24 orcs
  6 ball pythons
  5 bats
  8 endoplasms
  A giant cockroach (D:6)
  16 goblins
  8 hobgoblins
  4 quokkas
  6 frilled lizards
  4 kobolds
  8 rats
148 creatures vanquished.

Vanquished Creatures (others)
  A white imp (D:7)
1 creature vanquished.

Grand Total: 149 creatures vanquished

Notes
Turn   | Place    | Note
-------+----------+-------------------------------------------
     0 | D:1      | Pimp the Demonspawn Fighter began the quest for the Orb.
     0 | D:1      | Reached XP level 1. HP: 18/18 MP: 1/1
   149 | D:1      | Found Jaaledag's Jewellery Shop.
   401 | D:1      | Gained mutation: You are partially covered in rugged brown
                  | scales. (AC +1, +3% HP) [demonic ancestry]
   401 | D:1      | Reached XP level 2. HP: 15/24 MP: 2/2
   792 | D:2      | Gained mutation: You have sharp fingernails. [demonic
                  | ancestry]
   792 | D:2      | Reached XP level 3. HP: 9/29 MP: 3/3
   932 | D:2      | Found a blossoming altar of Fedhas.
   988 | D:2      | Noticed Robin
  1000 | D:2      | Gained mutation: You have very sharp fingernails. [demonic
                  | ancestry]
  1000 | D:2      | Reached XP level 4. HP: 20/37 MP: 4/4
  1003 | D:2      | Killed Robin
  1194 | D:2      | Noticed Terence
  1205 | D:2      | Killed Terence
  1715 | D:3      | Identified the +2 buckler of Gozag's Reproof {rC+++ Regen+
                  | rCorr Dex-2}
  1926 | D:3      | Found a shimmering altar of Xom.
  2340 | D:3      | Gained mutation: Spells you cast may paralyse adjacent
                  | enemies. [demonic ancestry]
  2340 | D:3      | Reached XP level 5. HP: 43/43 MP: 5/5
  2681 | D:4      | Reached XP level 6. HP: 49/49 MP: 6/6
  2812 | D:4      | Noticed Natasha
  2823 | D:4      | Killed Natasha
  2860 | D:4      | Noticed Natasha
  2866 | D:4      | Killed Natasha
  2895 | D:4      | Found Yrod's Fire Supplies.
  3020 | D:4      | Noticed Natasha
  3030 | D:4      | Killed Natasha
  3242 | D:5      | Entered Level 5 of the Dungeon
  3248 | D:5      | Noticed an ice beast
  3260 | D:5      | Killed an ice beast
  3280 | D:5      | Reached XP level 7. HP: 56/56 MP: 7/7
  3416 | D:5      | Reached skill level 5 in Fighting
  4270 | D:5      | Found a burning altar of Makhleb.
  4523 | D:6      | Noticed a steam dragon
  4531 | D:6      | Killed a steam dragon
  4546 | D:6      | Reached skill level 5 in Armour
  4546 | D:6      | Reached skill level 5 in Shields
  4546 | D:6      | Reached XP level 8. HP: 19/64 MP: 8/8
  4563 | D:6      | Found a glowing drain.
  4567 | Sewer    | Entered a sewer
  4596 | Sewer    | Noticed Pargi
  4627 | Sewer    | Killed Pargi
  4733 | D:6      | Noticed Dowan
  4733 | D:6      | Noticed Duvessa
  4755 | D:6      | Killed Duvessa
  4767 | D:6      | Killed Dowan
  4846 | D:6      | Noticed Prince Ribbit
  4847 | D:6      | Noticed Eustachio
  4866 | D:6      | Killed Prince Ribbit
  4867 | D:6      | Reached skill level 5 in Axes
  4873 | D:6      | Killed Eustachio
  5024 | D:6      | Found a bloodstained altar of Trog.
  5098 | D:6      | Gained mutation: You are mostly covered in rugged brown
                  | scales. (AC +2, +5% HP) [demonic ancestry]
  5098 | D:6      | Reached XP level 9. HP: 64/74 MP: 9/9
  5162 | D:6      | Found a staircase to the Ecumenical Temple.
  5177 | Temple   | Entered the Ecumenical Temple
  5451 | D:6      | Found a radiant altar of Vehumet.
  5467 | D:6      | Became a worshipper of Vehumet
  5764 | D:7      | Learned a level 6 spell: Starburst
  5791 | D:7      | Slain by an orc warrior

Illustrated notes

Levels and vault maps discovered:
D:1:      dpeg_arrival_arbitrary_b, layout_loops_ring, serial_shops, shop
D:2:      minmay_spotlight, layout_loops_cross, basic_altar,
          kennysheep_generic_room_3, uniq_robin, uniq_terence
D:3:      layout_loops_corners, tgw_xom
D:4:      layout_basic, nicolae_shop_fire_sale [nicolae_sub_dead_trees],
          uniq_natasha
D:5:      layout_layer_cave, mainiacjoe_overflow_surrounded_room
D:6:      layout_basic, nicolae_vehumet_altar_sigil, bloody_trog,
          minmay_temple_entry_waves, gup_sewer_entry_bowl, supply_closet_lemuel,
          uniq_prince_ribbit1, uniq_duvessa, uniq_eustachio
D:7:      layout_rooms, mainiacjoe_overflow_tiny_flanked, uniq_menkaure
Temple:   chequers_temple_sunken

Skill      XL: |  1  2  3  4  5  6  7  8 |
---------------+-------------------------+-----
Axes           | 2 3 4 5 |  5.9
Armour         | 3 4 5 6 |  6.3
Shields        | 3 4 5 6 |  6.3
Fighting       | 4 5 6 |  6.9

Action                     |  1- 3 |  4- 6 |  7- 9 || total
---------------------------+-------+-------+-------++-------
  Melee: War axe           |    72 |   192 |   309 ||   573
    Use: Scroll            |       |     7 |       ||     7
         Potion            |       |       |     9 ||     9
 Armour: Scale mail        |    46 |    75 |   214 ||   335
  Dodge: Dodged            |    42 |    91 |   190 ||   323
  Block: Buckler           |    12 |    62 |   138 ||   212

Table legend: (Time is in decaauts)
 A = Elapsed time spent in this place.
 B = Non-inter-level travel time spent in this place.
 C = Inter-level travel time spent in this place.
 D = Time resting spent in this place.
 E = Time spent auto-exploring this place.
 F = Levels seen in this place.
 G = Mean time per level.
                   A        B        C        D        E       F      G
               +--------+--------+--------+--------+--------+-----+--------+
         Total |   5970 |   5806 |    164 |    234 |   4088 |   9 |  663.3 |
       Dungeon |   5758 |   5617 |    141 |    216 |   4040 |   7 |  822.6 |
        Temple |    111 |     88 |     23 |     14 |      8 |   1 |  111.0 |
         Sewer |    100 |    100 |      0 |      4 |     38 |   1 |  100.0 |
               +--------+--------+--------+--------+--------+-----+--------+

Top non-repeatable levels by time:
     D:5: 1289 daAuts
     D:2: 1020 daAuts
     D:6: 1011 daAuts
     D:4: 837 daAuts
     D:3: 767 daAuts
     D:1: 717 daAuts
     D:7: 114 daAuts
  Temple: 111 daAuts
   Sewer: 100 daAuts
